 Dungeon Crawl Stone Soup version 0.28.0-53-g5a82cb258f (webtiles) character file.

Game seed: 15509539180851453784

108 Tiocfaidh the Magician (level 4, 0/30 HPs)
             Began as a Demonspawn Hedge Wizard on July 2, 2022.
             Slain by Ijyb
             ... wielding a +0 club
              (6 damage)
             ... on level 3 of the Dungeon.
             The game lasted 00:15:17 (3244 turns).

Tiocfaidh the Magician (Demonspawn Hedge Wizard)    Turns: 3244, Time: 00:15:18

Health: 0/30       AC:  2    Str: 10    XL:     4   Next: 58%
Magic:  6/9        EV: 12    Int: 18    God:
Gold:   66         SH:  0    Dex: 12    Spells: 9/10 levels left

rFire   . . .      SeeInvis .   d - +1 hand axe (flame)
rCold   . . .      Faith    .   (no shield)
rNeg    . . .      Spirit   .   b - +0 robe
rPois   .          Reflect  .   c - +0 hat
rElec   .          Harm     .   (no cloak)
rCorr   .          Rampage  .   (no gloves)
Will    .....                   (no boots)
Stlth   ++........              (no amulet)
HPRegen 0.10/turn               (no ring)
MPRegen 0.11/turn               (no ring)

@: about to teleport
A: demonic magic 1
a: no special abilities


You were on level 3 of the Dungeon.
You visited 1 branch of the dungeon, and saw 3 of its levels.

You collected 66 gold pieces.

Inventory:

Hand Weapons
 d - a +1 hand axe of flaming (weapon)
Armour
 b - a +0 robe (worn)
 c - a +0 hat (worn)
Scrolls
 h - a scroll of magic mapping
 j - a scroll of silence {unknown}


   Skills:
 + Level 0.2 Fighting
 + Level 0.8 Short Blades
 + Level 2.3 Dodging
 + Level 2.2 Stealth
 + Level 3.8 Spellcasting
 + Level 2.5 Conjurations
 + Level 1.0 Summonings
 + Level 0.8 Translocations


You had 9 spell levels left.
You knew the following spells:

 Your Spells              Type           Power      Damage    Failure   Level
a - Magic Dart            Conj           48%        1d5       5%          1

Your spell library contained the following spells:

 Spells                   Type           Power      Damage    Failure   Level
 Apportation              Tloc           12%        N/A       11%         1
 Static Discharge         Conj/Air       8%         N/A       14%         2
 Slow                     Hex            12%        N/A       16%         1
 Blink                    Tloc           12%        N/A       16%         2
 Call Imp                 Summ           7%         N/A       16%         2
 Conjure Flame            Conj/Fire      8%         6-21      26%         3
 Dazzling Flash           Conj/Hex       16%        N/A       26%         3
 Mephitic Cloud           Conj/Pois/Air  6%         N/A       32%         3
 Olgreb's Toxic Radiance  Pois           3%         N/A       83%         4
 Alistair's Intoxication  Tmut/Pois      2%         N/A       99%         5
 Chain Lightning          Conj/Air       4%         3d5       100%        9


Dungeon Overview and Level Annotations

Branches:
Dungeon (3/15)

Altars:

Annotations:
D:3 Ijyb


Innate Abilities, Weirdness & Mutations

Spells you cast may paralyse adjacent enemies.


Message History

Ijyb is no longer paralysed.
Ijyb zaps a wand.
You resist with some effort. Ijyb barely misses you.
You barely miss Ijyb.
Ijyb is heavily wounded.
Ijyb hits you with a +0 club.
You barely miss Ijyb.
Ijyb is heavily wounded.
Ijyb zaps a wand.
You resist with some effort. Ijyb barely misses you.
You closely miss Ijyb.
Ijyb is heavily wounded.
Ijyb barely misses you. Ijyb hits you with a +0 club.
You hit Ijyb. You burn Ijyb.
Ijyb is severely wounded.
Ijyb hits you with a +0 club.
Ijyb zaps a wand.
You suddenly lose the ability to move!
Ijyb screams, "You nasty!
Big nasty!"
Ijyb hits you with a +0 club. x2
You can move again.
Aiming: Magic Dart (safe; 5% risk of failure)
Press: ? - help, Q - select action Shift-Dir - straight line, f/p - Ijyb
Aim: Ijyb, wielding a +0 club, wearing a +0 leather armour and carrying a wand of paralysis (5) (heavily wounded, fast, 100% to hit)
The magic dart hits Ijyb but does no damage.
Ijyb is heavily wounded.
Malevolent energies surge around you. Ijyb misses you.
You barely miss Ijyb.
Ijyb is heavily wounded.
Ijyb hits you with a +0 club.
* * * LOW HITPOINT WARNING * * *
Ijyb closely misses you.
As you read the scroll labelled COGOOSEPAT, it crumbles to dust.
It is a scroll of identify.
h - a scroll of magic mapping Ijyb barely misses you.
Ijyb hits you with a +0 club.
* * * LOW HITPOINT WARNING * * *
As you read the scroll labelled PYGHIFIWEK, it crumbles to dust.
You feel strangely unstable.
It was a scroll of teleportation.
Ijyb closely misses you. Ijyb hits you with a +0 club.
You die...

#.## #.# ...# #.# #.#.#
#.# ..#.# #.# .## # #.#
...# #.# .###
...####.####### ..
.........^....# ...
..#####@#####.# .### #g#
##.#. .# #.# #S##......
.# ##.## #....S.... .#
#...# #..#..#.#. .# #...#
#.......# .#### #...#
##.#.....# ....# #...#
#.##..>..
.##.###...#######.##....#


You could see Ijyb (fast) and an adder.

Vanquished Creatures
  Jessica (D:2)
  3 adders (D:2)
  2 dart slugs (D:3)
  An orc (D:3)
  2 ball pythons (D:3)
  4 endoplasms
  A giant cockroach (D:3)
  10 goblins
  8 hobgoblins
  4 quokkas
  3 bats
  2 frilled lizards
  2 kobolds (D:2)
  4 rats
47 creatures vanquished.

Vanquished Creatures (others)
  3 fungi (D:2)
  7 plants (D:2)
10 creatures vanquished.

Grand Total: 57 creatures vanquished

Notes
Turn   | Place    | Note
-------+----------+-------------------------------------------
     0 | D:1      | Tiocfaidh the Demonspawn Hedge Wizard began the quest for
                  | the Orb.
     0 | D:1      | Reached XP level 1. HP: 13/13 MP: 4/4
   605 | D:1      | Gained mutation: Spells you cast may paralyse adjacent
                  | enemies. [demonic ancestry]
   605 | D:1      | Reached XP level 2. HP: 11/19 MP: 0/6
  1734 | D:2      | Reached XP level 3. HP: 24/24 MP: 2/7
  2059 | D:2      | Got the Handbook of Damaging Intoxication
  2422 | D:2      | Noticed Jessica
  2439 | D:2      | Killed Jessica
  2440 | D:2      | Reached XP level 4. HP: 30/30 MP: 3/9
  2768 | D:2      | Found a faded altar of an unknown god.
  3225 | D:3      | Noticed Ijyb
  3238 | D:3      | Paralysed by Ijyb for 2 turns
  3244 | D:3      | Slain by Ijyb

Illustrated notes

Levels and vault maps discovered:
D:1:      matt_arrival_los_fun, layout_loops_ring, serial_shops, shop,
          grunt_decor_resistance, nrook_mini_backslash, minmay_misc_feat_iff,
          minivault_25, chequers_serial_rivers_room_b
D:2:      layout_basic, shapermc_ecumenical_altar_mp_ritualfount, uniq_jessica
D:3:      layout_loops_cross, minmay_divided_ellipse, uniq_ijyb

Skill      XL: |  1  2  3 |
---------------+----------+-----
Dodging        | 2 |  2.3
Stealth        | 2 |  2.2
Conjurations   | 2 |  2.5
Fighting       | |  0.2
Short Blades   | |  0.8
Spellcasting   | |  3.8
Summonings     | |  1.0
Translocations | |  0.8

Action                   |  1- 3 |  4- 6 || total
-------------------------+-------+-------++-------
Melee: Dagger            |    30 |     9 ||    39
       Hand axe          |       |    10 ||    10
 Cast: Magic Dart        |    95 |    33 ||   128
  Use: Scroll            |     2 |     2 ||     4
       Potion            |     1 |       ||     1
 Stab: Paralysed         |     2 |     5 ||     7
Armor: Robe              |     6 |     1 ||     7
Dodge: Dodged            |    22 |    17 ||    39
